 Dungeon Crawl Stone Soup version 0.18-a0 (webtiles) character file.

9016 Arkorax the Grappler (level 11, -2/107 HPs)
             Began as a Minotaur Monk on Oct 30, 2015.
             Was a Believer of Ashenzari.
             Slain by a six-headed hydra (8 damage)
             ... on level 1 of the Lair of Beasts.
             The game lasted 00:20:57 (10940 turns).

Arkorax the Grappler (Minotaur Monk)               Turns: 10940, Time: 00:20:59

Health: -2/107     AC: 16    Str: 23    XL:     11   Next: 17%
Magic:  10/10      EV:  8    Int:  7    God:    Ashenzari [**....]
Gold:   566        SH:  0    Dex: 16    Spells: 0 memorised, 10 levels left

rFire  + . .     SeeInvis .       - Unarmed
rCold  . . .     Clarity  .     q - +1 plate armour (curse)
rNeg   . . .     SustAt   .     (no shield)
rPois  +         Gourm    .     (helmet restricted)
rElec  .         Spirit   .     A - +0 cloak (curse)
rCorr  .         Warding  .     (no gloves)
rMut   +         Stasis   .     (no boots)
MR     .....                    D - amulet of resist mutation
Stlth  ..........               G - ring of poison resistance
                                l - ring of protection from fire

@: mighty, not resistant to hostile enchantments, extremely unstealthy
A: retaliatory headbutt, horns 2, iridescent scales 1, agile 1, deterioration 1
a: Scrying, Renounce Religion


You were on level 1 of the Lair of Beasts.
You worshipped Ashenzari.
Ashenzari was pleased with you.
You were hungry.

You visited 3 branches of the dungeon, and saw 13 of its levels.
You also visited: Sewer.

You collected 566 gold pieces.

Inventory:

Missiles
 H - 3 throwing nets (quivered)
Armour
 q - a cursed +1 plate armour (worn)
 A - a cursed +0 cloak (worn)
Jewellery
 l - a ring of protection from fire (left hand)
 s - an uncursed ring of protection from cold
 D - an amulet of resist mutation (around neck)
 G - a ring of poison resistance (right hand)
Wands
 F - a wand of flame (14)
 L - a wand of draining (1)
Scrolls
 c - 2 scrolls of enchant weapon
 f - 2 scrolls of fear
 g - 8 scrolls of identify
 i - 4 scrolls of curse weapon
 j - 5 scrolls of remove curse
 k - a scroll of teleportation
 v - a scroll of magic mapping
 x - 3 scrolls of immolation {unknown}
 y - a scroll of holy word {unknown}
 B - 2 scrolls of recharging {unknown}
 E - a scroll of acquirement {unknown}
Potions
 a - a potion of might
 b - 2 potions of poison {unknown}
 e - 2 potions of brilliance {unknown}
 m - 4 potions of resistance
 n - 3 potions of cure mutation {unknown}
 o - 3 potions of curing
 p - 4 potions of flight {unknown}
 r - a potion of beneficial mutation {unknown}
 t - 2 potions of heal wounds {unknown}
 u - a potion of berserk rage {unknown}
 z - a potion of cancellation {unknown}
 C - a potion of agility {unknown}
 K - a potion of haste {unknown}
Comestibles
 d - 4 meat rations
 h - a beef jerky
 w - 6 bread rations
 I - a royal jelly
 J - a slice of pizza


   Skills:
 + Level 13.3 Fighting
 - Level 2.0 Armour
 - Level 3.2 Dodging
 - Level 1.5 Stealth
 + Level 14.4 Unarmed Combat
 + Level 0.5 Evocations


You had 10 spell levels left.
You didn't know any spells.

Dungeon Overview and Level Annotations

Branches:
Dungeon (10/15)            Temple (1/1) D:7            Lair (2/8) D:9
    Orc: D:9-12

Altars:
Ashenzari
Cheibriados
Dithmenos
Elyvilon
Fedhas
Gozag
Kikubaaqudgha
Nemelex Xobeh
Okawaru
Ru
Sif Muna
Trog
Vehumet
Xom
Yredelemnul
Zin
The Shining One

Shops:
D:6 %   D:8 *

Annotations:
D:5 1 exclusion
D:10 Nergalle


Innate Abilities, Weirdness & Mutations

You reflexively headbutt those who attack you in melee.
You have a pair of horns on your head.
You are partially covered in iridescent scales (AC +4).
You are agile. (Dex +2)
Your body sometimes deteriorates upon taking damage.


Message History

* * * LOW HITPOINT WARNING * * *
The six-headed hydra bites you but does no damage. x3
Drink which item? (? for menu, Esc to quit)
You feel better. The six-headed hydra bites you.
* * * LOW HITPOINT WARNING * * *
The six-headed hydra bites you!
* * * LOW HITPOINT WARNING * * *
The six-headed hydra bites you but does no damage.
The six-headed hydra bites you.
* * * LOW HITPOINT WARNING * * *
The six-headed hydra bites you but does no damage.
The six-headed hydra completely misses you.
Drink which item? (? for menu, Esc to quit)
It was a potion of might.
You feel very mighty all of a sudden.
The six-headed hydra bites you but does no damage.
The six-headed hydra barely misses you.
The six-headed hydra bites you but does no damage.
The six-headed hydra bites you!
You die...

..........######.#.#
..........# ####..#
..........####....###
#...##[.###.##......#
#..###.....##.....>.#
#..# ##....#####....#
...## #......P##.#.##
....# #.......##D###
...## #......P##@#
#..####........#.#
#.....#....##....##
......##...##....P#
.......######....##
#.###### ##..## ###
#..## #...# #...#


You could see a six-headed hydra.

Vanquished Creatures
  A hydra (Lair:1)
  2 spiny frogs (Lair:1)
  5 komodo dragons
  A merfolk (D:9)
  Grinder (D:3)
  3 blink frogs (Lair:1)
  A two-headed ogre (D:8)
  The ghost of chimenez the Ruffian, an amateur NaTm (D:3)
  A hippogriff (D:9)
  A hungry ghost (D:8)
  Edmund (D:5)
  A porcupine (Lair:1)
  4 water moccasins
  Duvessa (D:7)
  4 orc warriors
  A swamp drake (D:9)
  A black bear (D:9)
  A sky beast (D:9)
  2 ice beasts
  A phantom (D:9)
  6 crocodiles
  3 ogres
  2 centaurs
  A big kobold (Sewer)
  5 giant frogs
  Dowan (D:7)
  6 scorpions
  2 crimson imps
  6 jellies
  2 centaur zombies
  6 hounds
  4 giant frog skeletons
  6 orc priests
  A centaur skeleton (D:5)
  Jessica (D:2)
  Natasha (thrice) (D:3)
  7 iguanas
  7 worker ants
  4 orc wizards
  7 adders
  8 river rats
  A shadow imp (D:6)
  An adder zombie (D:5)
  An adder skeleton (D:9)
  6 worms
  27 orcs
  A ball python (D:4)
  6 giant cockroaches
  4 hobgoblins
  17 jackals
  5 quokkas
  9 bats
  2 giant geckos
  4 giant newts
  9 goblins
  9 kobolds
  9 rats
233 creatures vanquished.

Notes
Turn   | Place    | Note
--------------------------------------------------------------
     0 | D:1      | Arkorax the Minotaur Monk began the quest for the Orb.
     0 | D:1      | Reached XP level 1. HP: 19/19 MP: 0/0
   142 | D:1      | Reached XP level 2. HP: 24/27 MP: 1/1
   339 | D:1      | Reached skill level 5 in Unarmed Combat
   675 | D:2      | Noticed Jessica
   684 | D:2      | Killed Jessica
   684 | D:2      | Reached XP level 3. HP: 22/33 MP: 2/2
  1000 | D:2      | Reached XP level 4. HP: 39/41 MP: 3/3
  1802 | D:3      | Noticed chimenez's ghost (amateur NaTm)
  1832 | D:3      | Reached skill level 6 in Unarmed Combat
  2195 | D:3      | Killed chimenez's ghost
  2195 | D:3      | Reached skill level 5 in Fighting
  2195 | D:3      | Reached XP level 5. HP: 9/48 MP: 4/4
  2570 | D:3      | Reached XP level 6. HP: 24/56 MP: 5/5
  2793 | D:3      | Noticed Grinder
  2858 | D:3      | Gained mutation: Your body sometimes deteriorates upon taking damage. [potion of mutation]
  2858 | D:3      | Gained mutation: You are partially covered in iridescent scales (AC +4). [potion of mutation]
  2858 | D:3      | Gained mutation: You are agile. (Dex +2) [potion of mutation]
  2884 | D:3      | Paralysed by Grinder for 5 turns
  2893 | D:3      | Killed Grinder
  2893 | D:3      | Reached skill level 7 in Unarmed Combat
  3047 | D:3      | Noticed Natasha
  3050 | D:3      | Killed Natasha
  3050 | D:3      | Reached XP level 7. HP: 59/64 MP: 6/6
  3164 | D:3      | Found a bloodstained altar of Trog.
  3173 | D:3      | Found a blossoming altar of Fedhas.
  3215 | D:3      | Noticed Natasha
  3220 | D:3      | Killed Natasha
  3405 | D:3      | Noticed Natasha
  3408 | D:3      | Killed Natasha
  3433 | D:4      | Found a glowing drain.
  3456 | Sewer    | Entered a sewer
  3544 | Sewer    | Found a glowing silver altar of Zin.
  3757 | D:4      | Reached skill level 8 in Unarmed Combat
  4035 | D:4      | Found a sacrificial altar of Ru.
  4132 | D:4      | Noticed Edmund
  4132 | D:4      | Noticed a two-headed ogre
  4143 | D:5      | Entered Level 5 of the Dungeon
  4173 | D:5      | Killed Edmund
  4173 | D:5      | Reached XP level 8. HP: 33/74 MP: 7/7
  4440 | D:5      | Found a blossoming altar of Fedhas.
  4446 | D:5      | Reached skill level 9 in Unarmed Combat
  4739 | D:5      | Found an opulent altar of Gozag.
  4739 | D:5      | Found a glowing silver altar of Zin.
  4743 | D:5      | Found a basalt altar of Yredelemnul.
  4833 | D:5      | Found an ancient bone altar of Kikubaaqudgha.
  5051 | D:6      | Found Kaolaxtu's Food Emporium.
  5079 | D:5      | Reached skill level 10 in Unarmed Combat
  5752 | D:6      | Reached XP level 9. HP: 61/85 MP: 8/8
  6397 | D:7      | Noticed Duvessa
  6398 | D:7      | Noticed Dowan
  6424 | D:7      | Killed Duvessa
  6424 | D:7      | Reached skill level 10 in Fighting
  6426 | D:7      | Killed Dowan
  6488 | D:7      | Found a staircase to the Ecumenical Temple.
  6626 | Temple   | Entered the Ecumenical Temple
  6757 | Temple   | Became a worshipper of Ashenzari the Shackled
  6757 | Temple   | Reached * piety under Ashenzari
  6757 | Temple   | Reached ** piety under Ashenzari
  7189 | D:8      | Reached skill level 11 in Unarmed Combat
  7436 | D:8      | Found Fuattudgh's General Store.
  7621 | D:8      | Reached skill level 12 in Unarmed Combat
  7630 | D:8      | Found a sparkling altar of Nemelex Xobeh.
  8158 | D:9      | Reached XP level 10. HP: 96/96 MP: 9/9
  8487 | D:9      | Noticed a komodo dragon
  8495 | D:9      | Killed a komodo dragon
  8680 | D:9      | Noticed a komodo dragon
  8689 | D:9      | Killed a komodo dragon
  8714 | D:9      | Reached skill level 13 in Unarmed Combat
  8919 | D:9      | Noticed a komodo dragon
  8930 | D:9      | Killed a komodo dragon
  9176 | D:9      | Found a staircase to the Lair.
  9177 | D:9      | Identified the +6 ring mail "Ecrearu" {rC+ rN+}
  9321 | D:10     | Entered Level 10 of the Dungeon
  9363 | D:10     | Noticed Nergalle
  9761 | Lair:1   | Entered Level 1 of the Lair of Beasts
 10332 | Lair:1   | Noticed a seven-headed hydra
 10351 | Lair:1   | Killed a seven-headed hydra
 10351 | Lair:1   | Reached skill level 14 in Unarmed Combat
 10351 | Lair:1   | Reached XP level 11. HP: 84/107 MP: 10/10
 10922 | Lair:2   | Noticed a six-headed hydra
 10940 | Lair:1   | Slain by a six-headed hydra

Vault maps used:
D:1:      minmay_arrival_four_houses
D:2:      uniq_jessica
D:3:      amethyst_overflow_temple_binary, uniq_grinder, uniq_natasha
D:4:      nicolae_ru_path_of_blood, grunt_qazlal_sundering,
          portal_sewer_entry_a, uniq_edmund
D:5:      nicolae_overflow_quartered_altars, first_bread, fedhas_altar_2
D:6:      serial_shops, shop
D:7:      nicolae_overflow_hidden_temple, temple_pool_a, uniq_duvessa
D:8:      nicolae_overflow_crystal_walls, serial_shops, shop_fountains
D:9:      erik_lair_dragon, hangedman_fish_farm, kennysheep_cross_bottleneck
D:10:     minmay_misc_feat_roman, uniq_nergalle, uniq_sonja, uniq_grum
Temple:   jpeg_temple_clearing_9
Lair:2:   uniq_harold
Sewer:    sewer_kobolds

Action                   |  1- 3 |  4- 6 |  7- 9 | 10-12 || total
-------------------------+-------+-------+-------+-------++-------
Melee: Unarmed           |    80 |   115 |   385 |   201 ||   781
Evoke: Wand              |       |       |       |     7 ||     7
  Use: Scroll            |       |     8 |     2 |       ||    10
       Potion            |       |     2 |     1 |     2 ||     5
 Stab: Sleeping          |     3 |       |       |       ||     3
       Distracted        |     1 |       |       |       ||     1
  Eat: Chunk             |       |     3 |     7 |       ||    10
       Bread ration      |       |     1 |     1 |       ||     2
       Meat ration       |       |       |     2 |     1 ||     3
